 Dungeon Crawl Stone Soup version 0.23.2-40-g277498a001 (webtiles) character file.

Game seed: 12951459939952210809

10298 FishyPogo the Reanimator (level 11, -7/94 HPs)
             Began as a Deep Dwarf Necromancer on Sept 13, 2019.
             Was a Priest of Dithmenos.
             Mangled by a phantasmal warrior (21 damage)
             ... led by a death knight
             ... on level 10 of the Dungeon.
             The game lasted 01:50:34 (15121 turns).

FishyPogo the Reanimator (Deep Dwarf Necromancer)  Turns: 15121, Time: 01:50:34

Health: -7/94      AC:  8    Str: 11      XL:     11   Next: 34%
Magic:  5/18       EV: 16    Int: 19 (20) God:    Dithmenos [***...]
Gold:   692        SH:  0    Dex: 13      Spells: 4/22 levels left

rFire    . . .     SeeInvis +   a - +3 battleaxe of Analysis {flame, SInv}
rCold    + . .     Gourm    .   (shield currently unavailable)
rNeg     . . .     Faith    .   j - +3 leather armour
rPois    .         Spirit   .   (no helmet)
rElec    .         Reflect  .   (no cloak)
rCorr    .         Harm     .   (no gloves)
MR       +....                  F - +1 pair of boots
Stlth    ++++......             m - amulet of the acrobat
HPRegen  0.00/turn              v - ring of protection from magic
MPRegen  0.16/turn              h - ring of protection from magic

@: vulnerable, non-regenerating, wreathed by umbra
A: damage resistance, heal wounds, blurry vision 1, cold resistance 1, sense
surroundings 2, no regeneration
a: Heal Wounds, Shadow Step, Renounce Religion


You were on level 10 of the Dungeon.
You worshipped Dithmenos.
Dithmenos was most pleased with you.
You were hungry.

You visited 2 branches of the dungeon, and saw 13 of its levels.

You collected 692 gold pieces.

Inventory:

Hand Weapons
 a - the +3 battleaxe of Analysis (weapon) {flame, SInv}
   (You acquired it on level 9 of the Dungeon)

   It has been specially enchanted to burn those struck by it, causing extra
   injury to most foes and up to half again as much damage against particularly
   susceptible opponents.
   Big, fiery blades are also staple armaments of hydra-hunters.
   It lets you see invisible.
Missiles
 g - 173 stones (quivered)
 o - 7 tomahawks
 y - 2 silver tomahawks
Armour
 e - a +1 chain mail of magic resistance
 j - a +3 leather armour (worn)
 D - a +2 leather armour of fire resistance
 F - a +1 pair of boots (worn)
Magical Staves
 b - an uncursed staff of energy
Jewellery
 h - a ring of protection from magic (right hand)
 m - an amulet of the acrobat (around neck)
 v - a ring of protection from magic (left hand)
 G - an uncursed ring of fire
 K - an uncursed ring of fire
Wands
 n - a wand of acid (8)
 u - a wand of disintegration (14)
 w - a wand of flame (3)
 x - a wand of digging (14)
 z - a wand of scattershot (5)
 C - a wand of random effects (38)
 H - a wand of iceblast (11)
 N - a wand of polymorph (10)
Scrolls
 k - 10 scrolls of identify
 l - 2 scrolls of fear
 p - a scroll of remove curse
 A - 4 scrolls of enchant armour
 E - 2 scrolls of fog {unknown}
 L - 3 scrolls of blinking {unknown}
 P - 3 scrolls of teleportation
Potions
 d - a potion of degeneration
 f - 3 potions of haste
 i - 8 potions of curing
 q - a potion of lignification {unknown}
 r - a potion of ambrosia
 s - a potion of flight {unknown}
 t - a potion of mutation
 B - a potion of heal wounds {unknown}
 I - a potion of brilliance {unknown}
 M - 3 potions of might
 O - 3 potions of agility {unknown}
Comestibles
 c - 27 rations


   Skills:
 - Level 5.1 Fighting
 - Level 4.1 Axes
 + Level 2.4 Armour
 + Level 8.3 Dodging
 * Level 5.6 Stealth
 + Level 6.2 Spellcasting
 * Level 6.0 Summonings
 + Level 8.5 Necromancy
 * Level 3.0 Ice Magic
 - Level 5.0 Invocations
 - Level 7.1 Evocations


You had 4 spell levels left.
You knew the following spells:

 Your Spells              Type           Power        Failure   Level  Hunger
a - Pain                  Necr           ####         1%          1    None
c - Vampiric Draining     Necr           #####.....   1%          3    ##.....
d - Animate Skeleton      Necr           N/A          1%          1    None
e - Animate Dead          Necr           N/A          4%          4    ####...
f - Call Imp              Summ           ####....     1%          2    None
g - Call Canine Familiar  Summ           ####....     3%          3    ##.....
h - Summon Ice Beast      Ice/Summ       ###.....     22%         4    ####...

Your spell library contained the following spells:

 Spells                   Type           Power        Failure   Level  Hunger
 Summon Small Mammal      Summ           ####         1%          1    None
 Corpse Rot               Necr           N/A          1%          2    None
 Summon Guardian Golem    Hex/Summ       ###.....     12%         3    ##.....
 Apportation              Tloc           #.....       14%         1    None
 Confusing Touch          Hex            #.....       14%         1    None
 Summon Lightning Spire   Summ/Air       ###.....     38%         4    ####...
 Confuse                  Hex            #.......     41%         3    ##.....
 Gell's Gravitas          Tloc           #.........   41%         3    ##.....
 Petrify                  Tmut/Erth      #.......     82%         4    ####...
 Dispel Undead            Necr           #####...     12%         5    #####..
 Excruciating Wounds      Chrm/Necr      ###.......   56%         5    #####..
 Metabolic Englaciation   Hex/Ice        ##........   91%         5    #####..
 Yara's Violent Unravell  Hex/Tmut       #.........   99%         5    #####..
 Regeneration             Chrm/Necr      Unusable     N/A         3    N/A

Dungeon Overview and Level Annotations

Branches:
Dungeon (11/15)            Temple (0/1) D:7            Lair (2/6) D:10
    Orc (0/2) D:11
  Swamp: Lair:2-4    Shoals: Lair:2-4     Snake: Lair:2-4    Spider: Lair:2-4

Altars:
Dithmenos

Shops:
D:11 ([

Annotations:
D:6 Grinder, Menkaure
D:11 exclusion: cyclops


Innate Abilities, Weirdness & Mutations

You are resistant to damage.
You can heal yourself by infusing magical energy.
You passively map the area around you.
You do not regenerate.
Scrolls take you a little longer to read.
Your flesh is cold resistant. (rC+)


Message History

Your magical essence is drained by the effort!
You feel much better. The phantasmal warrior misses you.
Your crimson imp blinks!
You hit the phantasmal warrior but do no damage.
The phantasmal warrior is moderately damaged.
The phantasmal warrior hits you!
You hit the phantasmal warrior. You burn the phantasmal warrior.
The phantasmal warrior is moderately damaged.
The phantasmal warrior hits you but does no damage.
Your crimson imp blinks!
The phantasmal warrior closely misses you.
You closely miss the phantasmal warrior.
The phantasmal warrior is moderately damaged.
The phantasmal warrior closely misses you.
You hit the phantasmal warrior. You burn the phantasmal warrior.
The phantasmal warrior is moderately damaged.
The phantasmal warrior hits you!!
* * * LOW HITPOINT WARNING * * *
The phantasmal warrior hits you!!
You die...

#.([........# #..#..
#..)..5.....# #..#..
#.(.........# #..#..
#####.......# #..'..
#.......######..#..
#5..............#..
#....ยง..........###
#..#####........... #W@#
#...#####... ######..#
#...# #... #.......#
#...# #... #.......#
#...# #...
#......##############...
######.##PPPPPPPPP##....
#.#PPPPPP...PP#####
#######..PPPPP..>.PP##..'
#..........PPPP..PPP#...#


You could see a phantasmal warrior and 2 friendly crimson imps.

Vanquished Creatures
  A two-headed ogre (D:11)
  A salamander (Lair:1)
  A black mamba (Lair:1)
  Joseph (Lair:1)
  A spiny frog (Lair:1)
  A komodo dragon (D:10)
  A hornet (D:10)
  2 hippogriffs
  3 yaks
  Sigmund (D:5)
  A fire elemental (Lair:1)
  2 wyverns
  5 water moccasins
  2 porcupines
  2 phantoms
  4 sky beasts
  2 orc warriors
  5 ice beasts
  An ogre (D:6)
  A centaur (D:7)
  A crocodile (Lair:2)
  10 bullfrogs
  5 killer bees
  2 howler monkeys (D:10)
  A centaur zombie (D:6)
  A lava snake (Lair:1)
  3 crimson imps
  4 hounds
  7 orc priests
  2 centaur skeletons
  4 jellies
  17 orc wizards
  2 bullfrog skeletons
  2 iguanas
  8 worker ants
  A killer bee zombie (D:6)
  A howler monkey zombie (D:6)
  13 adders
  5 gnolls
  A shadow imp (D:7)
  2 oozes
  An adder skeleton (D:4)
  3 worms
  A dart slug (D:1)
  6 leopard geckos
  42 orcs
  6 bats
  6 giant cockroaches
  5 hobgoblins
  13 jackals
  4 kobolds
  5 quokkas
  5 frilled lizards
  4 goblins
  A jackal zombie (D:5)
  12 rats
  A butterfly (Lair:1)
  A fungus (D:11)
246 creatures vanquished.

Vanquished Creatures (collateral kills)
  A centaur warrior (D:10)
  A tengu conjurer (D:10)
  2 hippogriffs
  A hungry ghost (D:10)
  2 phantoms
  A necrophage (D:10)
  2 centaurs
  A crocodile (Lair:2)
  A bullfrog (Lair:1)
  A scorpion (D:10)
  4 killer bees
  2 howler monkeys
  2 crimson imps (D:10)
  2 hounds (D:9)
  2 orc priests
  An iguana (D:10)
  2 orc wizards (D:7)
  2 hound skeletons
  A howler monkey zombie (D:8)
  2 gnolls (D:6)
  A shadow imp (D:7)
  An adder zombie (D:9)
  A worm (D:2)
  7 orcs
  A giant cockroach (D:3)
  2 goblins (D:2)
  4 jackals
  A rat (D:2)
51 creatures vanquished.

Vanquished Creatures (others)
  A plant (D:10)
  4 toadstools (D:11)
5 creatures vanquished.

Grand Total: 302 creatures vanquished

Notes
Turn   | Place    | Note
-------+----------+-------------------------------------------
     0 | D:1      | FishyPogo the Deep Dwarf Necromancer began the quest for
                  | the Orb.
     0 | D:1      | Reached XP level 1. HP: 15/15 MP: 3/3
   138 | D:1      | Reached XP level 2. HP: 22/22 MP: 1/5
   179 | D:1      | Learned a level 1 spell: Animate Skeleton
   568 | D:1      | Reached skill level 1 in Fighting
   754 | D:2      | Reached XP level 3. HP: 29/31 MP: 2/6
   797 | D:2      | Learned a level 3 spell: Vampiric Draining
   944 | D:2      | Found a faded altar of an unknown god.
  1130 | D:2      | Reached XP level 4. HP: 9/39 MP: 1/7
  1650 | D:2      | Reached skill level 5 in Necromancy
  2151 | D:3      | Reached XP level 5. HP: 36/48 MP: 3/8
  2369 | D:3      | Found a glowing drain.
  2476 | D:2      | Reached XP level 6. HP: 8/56 MP: 0/9
  3057 | D:5      | Entered Level 5 of the Dungeon
  3270 | D:4      | Learned a level 4 spell: Animate Dead
  3498 | D:5      | Reached XP level 7. HP: 31/62 MP: 0/11
  3845 | D:4      | Reached skill level 1 in Evocations
  4095 | D:4      | Found a shadowy altar of Dithmenos.
  4100 | D:4      | Became a worshipper of Dithmenos the Shadowed
  4219 | D:5      | Noticed Sigmund
  4243 | D:4      | You fall through a shaft!
  4487 | D:5      | Reached skill level 5 in Dodging
  4662 | D:5      | Killed Sigmund
  4820 | D:5      | Reached XP level 8. HP: 46/69 MP: 13/13
  4966 | D:4      | Reached skill level 1 in Invocations
  5083 | D:4      | Reached * piety under Dithmenos
  5492 | D:7      | Found a staircase to the Ecumenical Temple.
  5868 | D:6      | Reached skill level 5 in Evocations
  6130 | D:6      | Noticed Menkaure
  6175 | D:6      | Noticed Grinder
  6771 | D:7      | Reached ** piety under Dithmenos
  6984 | D:7      | Gained mutation: You passively map the area around you.
                  | [Deep Dwarf growth]
  6984 | D:7      | Reached XP level 9. HP: 75/75 MP: 15/15
  7080 | D:7      | Learned a level 2 spell: Call Imp
  7106 | D:7      | Reached skill level 5 in Invocations
  7135 | D:7      | Reached skill level 1 in Axes
  7673 | D:7      | Reached skill level 1 in Summonings
  8340 | D:8      | Learned a level 3 spell: Call Canine Familiar
  8648 | D:8      | Reached skill level 5 in Spellcasting
  9170 | D:8      | Noticed a two-headed ogre
  9320 | D:9      | Got an ancient robe
  9333 | D:9      | Identified the +2 robe of Veriw {rF+} (You found it on
                  | level 9 of the Dungeon)
  9989 | D:8      | Reached XP level 10. HP: 32/87 MP: 1/17
 10121 | D:8      | Learned a level 4 spell: Summon Ice Beast
 10447 | D:9      | Reached *** piety under Dithmenos
 10768 | D:8      | Noticed a tengu warrior
 10768 | D:8      | Noticed a two-headed ogre
 11110 | D:10     | Entered Level 10 of the Dungeon
 11127 | D:10     | Reached skill level 1 in Ice Magic
 11293 | D:10     | Found a staircase to the Lair.
 11645 | D:10     | Reached skill level 5 in Summonings
 12477 | D:9      | Identified 2 scrolls of acquirement
 12478 | D:9      | Got a warped battleaxe
 12479 | D:9      | Identified the +3 battleaxe of Analysis {flame, SInv} (You
                  | acquired it on level 9 of the Dungeon)
 12480 | D:9      | HP: 1/87 [orc warrior/+0 war axe (13)]
 12486 | D:9      | Gained mutation: Scrolls take you a little longer to read.
                  | [potion of mutation]
 12486 | D:9      | Gained mutation: Your flesh is cold resistant. (rC+)
                  | [potion of mutation]
 12486 | D:9      | Gained mutation: You tend to lose your temper in combat.
                  | [potion of mutation]
 12486 | D:9      | Lost mutation: You tend to lose your temper in combat.
                  | [potion of mutation]
 12516 | D:9      | Identified Buics's Almanac of Dark Arts (You acquired it on
                  | level 9 of the Dungeon)
 12637 | D:10     | Reached skill level 5 in Fighting
 12673 | D:10     | Noticed a centaur warrior
 12688 | D:10     | Killed a centaur warrior
 12953 | D:11     | Noticed a cyclops
 12995 | D:11     | Noticed a two-headed ogre
 13024 | D:11     | Killed a two-headed ogre
 13024 | D:11     | Reached skill level 1 in Armour
 13052 | D:11     | Noticed a phantasmal warrior
 13052 | D:11     | Noticed a phantasmal warrior
 13073 | D:11     | Found Ciummac's Weapon Emporium.
 13073 | D:11     | Found a staircase to the Orcish Mines.
 13073 | D:11     | Found Oczouc's Armour Emporium.
 13108 | Lair:1   | Entered Level 1 of the Lair of Beasts
 13121 | Lair:1   | Noticed a black mamba
 13128 | Lair:1   | Killed a black mamba
 13128 | Lair:1   | Reached XP level 11. HP: 67/94 MP: 2/18
 13917 | Lair:1   | Noticed Joseph
 13931 | Lair:1   | Killed Joseph
 14458 | Lair:1   | Reached skill level 5 in Stealth
 14550 | Lair:2   | HP: 1/94 [black mamba (10)]
 14600 | Lair:2   | Noticed an eight-headed hydra
 15057 | D:11     | Noticed a phantasmal warrior
 15115 | D:10     | HP: 2/94 [phantasmal warrior[a death knight] (9)]
 15121 | D:10     | Mangled by a phantasmal warrior

Skill      XL: |  1  2  3  4  5  6  7  8  9 10 11 |
---------------+----------------------------------+-----
Spellcasting   | 2 3 4 5 6 |  6.2
Stealth        | 3 4 5 |  5.6
Fighting       | 1 2 3 4 5 |  5.1
Dodging        | 3 4 5 6 7 8 |  8.3
Necromancy     | 5 6 8 |  8.5
Evocations     | 4 5 6 7 |  7.1
Invocations    | 4 5 |  5.0
Axes           | 3 4 |  4.1
Summonings     | 4 5 6 |  6.0
Ice Magic      | 3 |  3.0
Armour         | 1 2 |  2.4

Action                   |  1- 3 |  4- 6 |  7- 9 | 10-12 || total
-------------------------+-------+-------+-------+-------++-------
Melee: Club              |    16 |       |       |       ||    16
       Unarmed           |     3 |       |       |       ||     3
       Spear             |       |    80 |    10 |       ||    90
       Hand axe          |       |       |   196 |    50 ||   246
       Staff             |       |       |    29 |     3 ||    32
       Battleaxe         |       |       |       |    52 ||    52
Throw: Stone             |       |     9 |    21 |    42 ||    72
       Tomahawk          |       |       |    14 |       ||    14
 Cast: Pain              |    54 |    64 |   154 |    75 ||   347
       Animate Skeleton  |     7 |     9 |    37 |    17 ||    70
       Vampiric Draining |     1 |    39 |   119 |   111 ||   270
       Animate Dead      |       |     1 |     3 |     2 ||     6
       Call Canine Famil |       |       |    10 |    24 ||    34
       Call Imp          |       |       |     5 |    50 ||    55
 Abil: Heal Wounds       |       |     3 |     2 |     7 ||    12
Evoke: Wand              |       |       |     9 |     2 ||    11
  Use: Scroll            |       |     9 |     4 |     4 ||    17
       Potion            |       |       |       |     7 ||     7
 Stab: Sleeping          |       |     3 |     1 |       ||     4
       Distracted        |       |       |     1 |     1 ||     2
       Betrayed ally     |       |       |     1 |       ||     1
  Eat: Chunk             |     2 |    12 |    22 |    16 ||    52
Armor: Robe              |     3 |     9 |       |       ||    12
       Leather armour    |       |    13 |    72 |    38 ||   123
Dodge: Dodged            |    20 |    86 |   329 |   217 ||   652
